 Dungeon Crawl Stone Soup version 0.22-a0-283-g1871b15 (webtiles) character file.

25261 Serpenta the Peltast (level 13, -3/106 HPs)
             Began as a Formicid Chaos Knight on Mar 19, 2018.
             Engulfed by an ice statue's freezing vapour (18 damage)
             ... in an ice cave.
             The game lasted 00:37:39 (14377 turns).

Serpenta the Peltast (Formicid Chaos Knight)       Turns: 14377, Time: 00:37:40

Health: -3/106     AC: 12    Str: 24    XL:     13   Next: 49%
Magic:  23/23      EV: 11    Int: 16    God:    Xom [..*...]
Gold:   767        SH: 23    Dex: 10    Spells: 12/12 levels left

rFire    . . .     SeeInvis +   a - +4 flail (venom)
rCold    . . .     Gourm    .   y - +0 large shield
rNeg     . . .     Faith    .   M - +0 acid dragon scales
rPois    .         Spirit   .   (helmet unavailable)
rElec    .         Reflect  +   G - +2 cloak
rCorr    +         Harm     .   (no gloves)
MR       +....     Clarity  +   D - +2 pair of boots
Stlth    +.........             o - +3 amulet of reflection
HPRegen  0.27/turn              e - +4 ring of intelligence
MPRegen  0.18/turn              n - ring of resist corrosion

@: no status effects
A: permanent stasis, dig shafts and tunnels, four strong arms, antennae 3, fangs
1, clarity, high mp 1, strong 1
a: Dig, Shaft Self, Renounce Religion


You were in an ice cave.
You worshipped Xom.
You were a toy of Xom.
You were hungry.

You visited 1 branch of the dungeon, and saw 13 of its levels.
You also visited: Ice Cave.

You collected 1007 gold pieces.
You spent 240 gold pieces at shops.


Innate Abilities, Weirdness & Mutations

You cannot be hasted, slowed, berserked, paralysed or teleported.
You can dig through walls and to a lower floor.
Your four strong arms can wield two-handed weapons with a shield.
You have a pair of large antennae on your head. (SInv)
You have very sharp teeth.
You possess an exceptional clarity of mind.
You have an increased reservoir of magic. (+10% MP)
Your muscles are strong. (Str +2)


   Skills:
 + Level 11.0 Fighting
 - Level 11.1 Maces & Flails
 - Level 2.1 Armour
 - Level 0.8 Dodging
 - Level 15.0 Shields
 - Level 10.8 Evocations


You had 12 spell levels left.
You didn't know any spells.

Action                   |  1- 3 |  4- 6 |  7- 9 | 10-12 | 13-15 || total
-------------------------+-------+-------+-------+-------+-------++-------
Melee: Mace              |   114 |   149 |    22 |       |       ||   285
       Whip              |       |    81 |    32 |       |       ||   113
       Flail             |       |       |   237 |   659 |   164 ||  1060
       Bite              |       |       |    25 |    77 |    27 ||   129
Throw: Javelin           |       |     6 |    11 |     9 |       ||    26
 Abil: Dig               |       |     3 |     3 |     1 |     3 ||    10
Evoke: Wand              |       |       |     7 |    19 |     3 ||    29
  Use: Scroll            |       |     7 |     5 |     6 |     3 ||    21
       Potion            |       |       |       |     1 |     3 ||     4
 Stab: Paralysed         |       |     1 |       |     7 |       ||     8
       Invisible         |       |       |       |     3 |     1 ||     4
  Eat: Chunk             |     2 |     9 |    10 |    12 |     5 ||    38
       Ration            |       |       |     1 |     3 |       ||     4
Armor: Leather armour    |    19 |       |       |       |       ||    19
       Chain mail        |    44 |   109 |    49 |       |       ||   202
       Plate armour      |       |       |    29 |   116 |     5 ||   150
       Skin              |       |       |       |     3 |       ||     3
       Acid dragon scale |       |       |       |       |    15 ||    15
Dodge: Dodged            |    68 |    87 |    33 |    43 |    21 ||   252
Block: Large shield      |       |       |   157 |   531 |   119 ||   807
       Reflection        |       |       |     6 |    23 |     8 ||    37

Inventory:

Hand Weapons
 a - a +4 flail of venom (weapon)
 A - a +0 mace of chaos
 L - a +1 morningstar
Missiles
 i - a throwing net
 k - 5 javelins (quivered)
Armour
 y - a +0 large shield (worn)
 C - a +0 plate armour
 D - a +2 pair of boots (worn)
 G - a +2 cloak (worn)
 K - +0 fire dragon scales
 M - +0 acid dragon scales (worn)
Jewellery
 e - a +4 ring of intelligence (left hand)
 g - an uncursed ring of wizardry
 n - a ring of resist corrosion (right hand)
 o - a +3 amulet of reflection (around neck)
Wands
 b - a wand of paralysis (7)
 r - a wand of acid (12)
 u - a wand of iceblast (19)
 v - a wand of flame (30)
 x - a wand of digging (16)
 B - a wand of disintegration (14)
 F - a wand of polymorph (7)
Scrolls
 h - 8 scrolls of identify
 j - 10 scrolls of remove curse
 m - a scroll of random uselessness
 p - 6 scrolls of amnesia
 q - a scroll of fog
 t - a scroll of noise {unknown}
 w - a scroll of enchant weapon {unknown}
 E - a scroll of holy word {unknown}
 H - a scroll of vulnerability {unknown}
 N - a scroll of acquirement {unknown}
 O - a scroll of magic mapping
Potions
 d - 2 potions of ambrosia
 f - 6 potions of curing
 s - 2 potions of resistance
 z - a potion of flight
Miscellaneous
 J - a fan of gales
Comestibles
 c - 23 rations
 l - 3 chunks of flesh {@w1}

. .. ### ... #@##
...§§§8#Y# ####
...§..##.#####..##
.....§{##..##....##
..................#
⌠.............∩∩..#
.........##.......#
.......######....##
.....# ##..##


You could see an ice statue and an ice beast.

Vanquished Creatures
  3 hydras
  3 centaur warriors
  A death knight (D:13)
  A death yak (D:8)
  6 two-headed ogres
  2 unseen horrors
  A deep elf mage (D:13)
  A manticore (D:11)
  A cyclops (D:11)
  Maurice (D:9)
  Psyche (D:8)
  A gargoyle (D:9)
  A kobold demonologist (D:12)
  4 freezing wraiths (D:13)
  2 ice devils (IceCv)
  4 hippogriffs
  A spriggan (D:11)
  A wyvern (D:8)
  A basilisk (D:8)
  9 yaks
  Grum (D:10)
  A golden eye (D:10)
  3 hungry ghosts
  2 acid dragons
  An ice beast (D:9)
  5 sky beasts
  3 phantoms
  11 orc warriors
  An eye of draining (D:11)
  A black bear (D:10)
  9 ogres
  2 necrophages
  4 wolves
  A boggart (shapeshifter) (D:13)
  5 centaurs
  2 big kobolds
  2 wyvern zombies
  5 bullfrogs
  4 scorpions
  5 wights
  5 howler monkeys
  4 crimson imps
  8 hounds
  2 centaur zombies
  7 orc priests
  4 bullfrog skeletons
  4 centaur skeletons
  5 iguanas
  17 orc wizards
  Ijyb (D:5)
  12 worker ants
  2 hound skeletons (D:10)
  Robin (D:1)
  A gnoll (D:1)
  15 adders
  3 shadow imps
  An adder zombie (D:7)
  An adder skeleton (D:4)
  4 dart slugs
  6 leopard geckos
  80 orcs
  4 giant cockroaches
  11 goblins
  5 hobgoblins
  A jackal (D:10)
  2 quokkas
  A ball python (D:2)
  5 bats
  9 frilled lizards
  25 kobolds
  2 leopard gecko skeletons
  A quokka skeleton (D:5)
  7 rats
369 creatures vanquished.

Vanquished Creatures (collateral kills)
  A big kobold (D:8)
  A kobold (D:8)
2 creatures vanquished.

Vanquished Creatures (others)
  3 centaurs
  An adder (D:4)
  An orc (D:5)
  A kobold (D:10)
  A fungus (D:8)
7 creatures vanquished.

Grand Total: 378 creatures vanquished

Vault maps used:
D:1:      lightli_arrival_windingriver, wad_floor_pattern_1
D:2:      minmay_tall_x, uniq_robin
D:3:      grunt_temple_overflow_open
D:4:      first_ration, kennysheep_slug_shrine
D:5:      uniq_edmund, uniq_ijyb
D:6:      minmay_temple_entry_statues, serial_shops,
          nicolae_shop_temple_entry_statues_fountains, trog_butcher_becter
D:7:      serial_shops, shop_fountains
D:8:      david_lair_generic, serial_curves, eino_curves_03, eino_curves_02,
          serial_shops, shop_fountains, uniq_psyche
D:9:      hiddenorc2_lemuel, uniq_maurice
D:10:     minmay_curly_fans, uniq_grum
D:11:     the_bakery
D:13:     portal_ice_cave_entry_pillars_1, onia_ninara_cookie
IceCv:    ice_cave_tombish


Message History

You are engulfed in freezing vapours.
You hit the ice statue.
The ice statue is severely damaged.
You are engulfed in freezing vapours.
* * * LOW HITPOINT WARNING * * *
You emit a cloud of colourful smoke!
You feel much better.
You are engulfed in freezing vapours.
The ice statue gestures at you. The freezing blast engulfs you!
* * * LOW HITPOINT WARNING * * *
Xom is highly amused!
You feel much better.
You are feeling hungry.
The ice statue gestures at you. The freezing blast engulfs you!
* * * LOW HITPOINT WARNING * * *
You thump the ice statue!
The ice statue is almost destroyed.
You are engulfed in freezing vapours.
You die...

Notes
Turn   | Place    | Note
-------+----------+-------------------------------------------
     0 | D:1      | Serpenta the Formicid Chaos Knight began the quest for the Orb.
     0 | D:1      | Reached XP level 1. HP: 18/18 MP: 1/1
    77 | D:1      | XOM: divination: detect items
    83 | D:1      | XOM: divination: detect items
   197 | D:1      | Reached XP level 2. HP: 18/24 MP: 2/2
   338 | D:1      | Reached XP level 3. HP: 14/29 MP: 3/3
   479 | D:1      | XOM: noise
  1276 | D:2      | XOM: silly message
  1426 | D:1      | XOM: divination: detect items
  1469 | D:2      | XOM is BORED!
  1469 | D:2      | XOM: silly message
  1526 | D:2      | Reached XP level 4. HP: 33/35 MP: 4/4
  1633 | D:2      | Noticed Robin
  1756 | D:1      | Killed Robin
  1756 | D:1      | Reached skill level 5 in Maces & Flails
  2120 | D:1      | XOM: silly message
  2212 | D:3      | XOM: stealth player
  2372 | D:3      | Reached XP level 5. HP: 40/41 MP: 5/5
  2390 | D:3      | Found a basalt altar of Yredelemnul.
  2391 | D:3      | Found a blossoming altar of Fedhas.
  2393 | D:3      | Found an iron altar of Okawaru.
  2393 | D:3      | Found a sacrificial altar of Ru.
  2401 | D:3      | Found a deep blue altar of Sif Muna.
  2402 | D:3      | Found a shadowy altar of Dithmenos.
  2440 | D:3      | XOM: silly message
  2559 | D:3      | XOM: silly message
  2573 | D:3      | XOM: harmless Hex miscast
  2726 | D:2      | XOM: silly message
  2845 | D:3      | XOM: silly message
  3248 | D:3      | Reached XP level 6. HP: 46/47 MP: 6/6
  3511 | D:4      | XOM: harmless Ice miscast
  3585 | D:4      | Noticed an ogre
  3619 | D:4      | Killed an ogre
  3748 | D:4      | XOM: scenery: create altars
  3822 | D:4      | Found a snail-covered altar of Cheibriados.
  3935 | D:4      | XOM is BORED!
  3935 | D:4      | XOM: give mutations
  3935 | D:4      | Gained mutation: Your body sometimes deteriorates upon taking damage. [Xom's mischief]
  3935 | D:4      | Gained mutation: You possess an exceptional clarity of mind. [Xom's mischief]
  4047 | D:4      | XOM: medium Necr miscast
  4048 | D:4      | Noticed a shadow
  4048 | D:4      | Noticed a shadow
  4055 | D:4      | XOM: destruction
  4172 | D:4      | Reached XP level 7. HP: 35/52 MP: 7/7
  4273 | D:4      | XOM: harmless Fire miscast
  4498 | D:4      | XOM: mild Tloc miscast
  4499 | D:4      | Noticed a spatial vortex
  4613 | D:4      | XOM: mild Necr miscast
  4761 | D:4      | XOM: medium Tloc miscast
  4911 | D:4      | XOM: summons 2 hostile shadow creatures
  4982 | D:5      | Entered Level 5 of the Dungeon
  4988 | D:5      | Noticed Edmund
  5092 | D:5      | XOM: medium Tloc miscast
  5093 | D:5      | Noticed a spatial vortex
  5093 | D:5      | Noticed a spatial vortex
  5236 | D:5      | Noticed Ijyb
  5243 | D:5      | XOM: divination: detect creatures
  5247 | D:5      | Killed Ijyb
  5259 | D:5      | XOM: potion effect (might)
  5261 | D:5      | XOM: divination: magic mapping
  5264 | D:5      | Noticed Edmund
  5264 | D:5      | Edmund changed into Edmund the worker ant
  5264 | D:5      | XOM: polymorph Edmund -> Edmund the worker ant
  5270 | D:5      | Killed Edmund the worker ant
  5322 | D:5      | XOM: scenery: create altars
  5326 | D:5      | Reached skill level 1 in Shields
  5362 | D:5      | Reached skill level 2 in Shields
  5367 | D:5      | XOM: summons friendly iron imp
  5371 | D:5      | Reached XP level 8. HP: 57/57 MP: 8/8
  5431 | D:5      | XOM: give mutations
  5431 | D:5      | Lost mutation: Your body sometimes deteriorates upon taking damage. [Xom's mischief]
  5431 | D:5      | Gained mutation: You are dopey. (Int -2) [Xom's mischief]
  5455 | D:5      | Reached skill level 3 in Shields
  5484 | D:5      | Noticed grindst0ne's ghost (novice KoCj)
  5489 | D:5      | XOM: enchant monster (good)
  5513 | D:5      | XOM: scenery: create altars
  5525 | D:4      | Reached skill level 4 in Shields
  5759 | D:5      | XOM: give mutations
  5759 | D:5      | Gained mutation: You have very sharp teeth. [Xom's grace]
  5759 | D:5      | Gained mutation: Your muscles are strong. (Str +2) [Xom's grace]
  5942 | D:5      | XOM: confuse monster(s)
  5988 | D:6      | Found Zeirah's Gadget Emporium.
  5999 | D:6      | Bought a wand of disintegration (16) for 240 gold pieces
  6023 | D:6      | Reached skill level 1 in Evocations
  6165 | D:6      | Found a staircase to the Ecumenical Temple.
  6215 | D:6      | Reached skill level 5 in Shields
  6482 | D:6      | XOM: give mutation
  6482 | D:6      | Lost mutation: You are dopey. (Int -2) [Xom's grace]
  6617 | D:6      | Reached XP level 9. HP: 63/63 MP: 10/12
  6681 | D:6      | Found a bloodstained altar of Trog.
  6700 | D:6      | Reached skill level 6 in Shields
  6700 | D:6      | Reached skill level 5 in Evocations
  6927 | D:7      | Found Ifutepac's Book Emporium.
  6940 | D:7      | XOM: god gift: robe {god gift}
  7670 | D:8      | Reached skill level 7 in Shields
  7673 | D:8      | XOM: god gift: bloodstained leather armour {god gift}
  7681 | D:8      | Got a bloodstained leather armour {god gift}
  7703 | D:8      | Identified the +3 leather armour "Fikot" {god gift, Str-5 Dex+5} (Xom gifted it to you on level 8 of the Dungeon)
  7791 | D:8      | XOM: god gift: 29 arrows {god gift}
  7866 | D:8      | Noticed a hippogriff
  7874 | D:8      | Killed a hippogriff
  7890 | D:8      | Reached XP level 10. HP: 68/68 MP: 16/16
  7951 | D:8      | Found a staircase to the Lair.
  7954 | D:8      | XOM: polymorph basilisk -> wyvern
  7958 | D:8      | XOM: enchant monster (good)
  7959 | D:8      | Reached skill level 8 in Shields
  7970 | D:8      | Noticed a death yak
  7981 | D:8      | XOM: scenery: create altars
  8032 | D:8      | Found Zygum's General Store.
  8054 | D:8      | XOM: confuse monster(s)
  8058 | D:8      | Killed a death yak
  8084 | D:8      | XOM: noise
  8099 | D:8      | Reached skill level 9 in Shields
  8170 | D:8      | Noticed Psyche
  8176 | D:8      | Killed Psyche
  8185 | D:8      | XOM: summons 2 friendly demons
  8413 | D:8      | XOM: cloud trail
  8501 | D:8      | XOM: mild Conj miscast
  8579 | D:8      | XOM: god gift: 25 stones {god gift}
  8621 | D:8      | Reached skill level 10 in Shields
  8701 | D:8      | XOM: noise
  9010 | D:9      | XOM: swap monsters
  9219 | D:9      | Noticed a two-headed ogre
  9222 | D:9      | Killed a two-headed ogre
  9222 | D:9      | Reached skill level 11 in Shields
  9222 | D:9      | Reached XP level 11. HP: 73/73 MP: 18/18
  9285 | D:9      | XOM: medium Chrm miscast
  9341 | D:9      | Noticed Maurice
  9350 | D:9      | Killed Maurice
  9350 | D:9      | Reached skill level 12 in Shields
  9518 | D:9      | XOM: harmless Pois miscast
  9665 | D:9      | Found a staircase to the Orcish Mines.
  9803 | D:9      | XOM: mild Hex miscast
  9877 | D:9      | XOM: give mutation
  9877 | D:9      | Gained mutation: You are frail. (-10% HP) [Xom's mischief]
  9927 | D:10     | Entered Level 10 of the Dungeon
  9930 | D:10     | Noticed a two-headed ogre
  9939 | D:9      | Reached skill level 13 in Shields
 10073 | D:10     | Noticed a two-headed ogre
 10074 | D:10     | XOM: polymorph eye of draining -> golden eye
 10081 | D:10     | Killed a two-headed ogre
 10097 | D:10     | XOM: give mutations
 10097 | D:10     | Gained mutation: You have an increased reservoir of magic. (+10% MP) [Xom's mischief]
 10097 | D:10     | Lost mutation: You are frail. (-10% HP) [Xom's mischief]
 10113 | D:10     | XOM: harmless Tmut miscast
 10197 | D:10     | Noticed an eight-headed hydra
 10202 | D:10     | Killed an eight-headed hydra
 10202 | D:10     | Reached skill level 14 in Shields
 10203 | D:10     | XOM: confuse monster(s)
 10254 | D:10     | XOM: medium Tmut miscast
 10373 | D:10     | XOM: fake destruction
 10379 | D:10     | XOM: confuse monster(s)
 10405 | D:10     | XOM: fog
 10596 | D:10     | XOM: scenery: create altars
 10598 | D:10     | XOM: polymorph orc -> jackal
 10705 | D:10     | Noticed Grum
 10726 | D:10     | XOM: repel stairs
 10728 | D:10     | Killed Grum
 10795 | D:10     | Killed a two-headed ogre
 10795 | D:10     | Reached skill level 15 in Shields
 10795 | D:10     | Reached XP level 12. HP: 27/82 MP: 21/21
 10857 | D:9      | XOM: mild Hex miscast
 11145 | D:10     | Reached skill level 5 in Fighting
 11402 | D:9      | XOM: noise
 11453 | D:10     | XOM: mild Tmut miscast
 11793 | D:11     | Noticed a centaur warrior
 11800 | D:11     | Killed a centaur warrior
 11811 | D:11     | Noticed a seven-headed hydra
 11819 | D:11     | Killed a seven-headed hydra
 12004 | D:11     | XOM: confuse monster(s)
 12053 | D:11     | Noticed an unseen horror
 12070 | D:11     | Killed an unseen horror
 12106 | D:11     | XOM: divination: detect items
 12904 | D:12     | Noticed a two-headed ogre
 12911 | D:12     | Killed a two-headed ogre
 13040 | D:12     | Noticed a two-headed ogre
 13040 | D:12     | XOM: confuse monster(s)
 13045 | D:12     | Killed a two-headed ogre
 13045 | D:12     | Reached skill level 10 in Maces & Flails
 13134 | D:12     | Noticed a seven-headed hydra
 13138 | D:12     | Killed a seven-headed hydra
 13173 | D:12     | XOM: mild Pois miscast
 13258 | D:12     | XOM: potion effect (invisibility)
 13263 | D:12     | Reached XP level 13. HP: 94/101 MP: 22/22
 13453 | D:12     | XOM: harmless Tmut miscast
 13574 | D:12     | XOM: silly message
 13652 | D:12     | XOM is BORED!
 13652 | D:12     | XOM: harmless Conj miscast
 13694 | D:12     | XOM: divination: detect creatures
 13793 | D:12     | XOM: harmless Hex miscast
 13900 | D:13     | Noticed a centaur warrior
 13911 | D:13     | Killed a centaur warrior
 13911 | D:13     | Reached skill level 10 in Fighting
 13911 | D:13     | Reached skill level 10 in Evocations
 13967 | D:13     | XOM: silly message
 13983 | D:13     | Noticed a centaur warrior
 13997 | D:13     | Killed a centaur warrior
 14214 | D:13     | XOM: potion effect (agility)
 14241 | D:13     | Found a frozen archway.
 14247 | IceCv    | Entered an ice cave
 14291 | IceCv    | XOM: divination: detect items
 14374 | IceCv    | XOM: smoke on damage
 14377 | IceCv    | Engulfed by an ice statue's freezing vapour
